TOP OF THE 1ST |
Phoenix Hotspur batting - Pitching for Wizarding Express : LHP Dan Mitchell
|
Pitching: LHP Dan Mitchell
|
|
Batting: RHB Roland Deschain
|
0-0: Foul Ball, location: 2F 0-1: Ball 1-1: Ball 2-1: Swinging Strike 2-2: Foul Ball, location: 2F 2-2: Foul Ball, location: 2F 2-2: Ball 3-2: DOUBLE (Groundball, 5L)
|
Batting: RHB Ted Cook
|
0-0: Ball 1-0: Foul Ball, location: 2F 1-1: Ball Wild Pitch! Roland Deschain to third 2-1: Ball 3-1: Base on Balls
|
Batting: LHB Francisco García
|
0-0: Ball 1-0: Foul Ball, location: 2F 1-1: Foul Ball, location: 2F 1-2: Ball 2-2: Ball 3-2: Base on Balls Ted Cook to second
|
Batting: RHB Kyle Bywaters
|
0-0: Ball 1-0: Fly out, F4 (Line Drive, 4)
|
Batting: LHB Mario Cruz
|
0-0: Called Strike 0-1: DOUBLE (Flyball, 78D) Roland Deschain scores Ted Cook scores Francisco García to third
|
Batting: RHB Hieronymus Bosch
|
0-0: Called Strike 0-1: Swinging Strike 0-2: Ball Wild Pitch! Francisco García scores Mario Cruz to third 1-2: Foul Ball, location: 2F 1-2: Foul Ball, location: 2F 1-2: Ball Wild Pitch! Mario Cruz scores 2-2: Ball 3-2: Strikes out swinging
|
Batting: LHB Wagaw Lukongolo
|
0-0: Swinging Strike 0-1: Ball 1-1: Ball 2-1: Ball 3-1: Foul Ball, location: 2F 3-2: Strikes out swinging
|
Top of the 1st over - 4 runs, 2 hits, 0 errors, 0 left on base; Phoenix 4 - Wizarding 0 |
BOTTOM OF THE 1ST |
Wizarding Express batting - Pitching for Phoenix Hotspur : LHP Alejandro Guerra
|
Pitching: LHP Alejandro Guerra
|
|
Batting: RHB António Martínez
|
0-0: Foul Ball, location: 2F 0-1: Ball 1-1: Ball 2-1: Foul Ball, location: 2F 2-2: Ball 3-2: Base on Balls
|
Batting: LHB José Corona
|
0-0: Called Strike 0-1: Ball 1-1: Called Strike 1-2: Fly out, F7 (Line Drive, 7)
|
Batting: LHB Nathan Tanner
|
0-0: Swinging Strike 0-1: Called Strike 0-2: Ball 1-2: Foul Ball, location: 2F 1-2: Ball António Martínez is caught stealing 2nd base 2-2: Foul Ball, location: 2F 2-2: Strikes out swinging
|
Bottom of the 1st over - 0 runs, 0 hits, 0 errors, 0 left on base; Phoenix 4 - Wizarding 0 |
TOP OF THE 2ND |
Phoenix Hotspur batting - Pitching for Wizarding Express : LHP Dan Mitchell
|
Batting: RHB Pierre Bernard
|
0-0: Fly out, F9 (Flyball, 9S)
|
Batting: RHB Ed Sharp
|
0-0: Foul Ball, location: 2F 0-1: Ball 1-1: DOUBLE (Flyball, 89XD)
|
Batting: RHB Roland Deschain
|
0-0: Ball 1-0: Fly out, F6 (Popup, 6MD)
|
Batting: RHB Ted Cook
|
0-0: Called Strike 0-1: Called Strike 0-2: Ball 1-2: Foul Ball, location: 2F 1-2: Ball Wild Pitch! Ed Sharp to third 2-2: Ball 3-2: Strikes out swinging
|
Top of the 2nd over - 0 runs, 1 hit, 0 errors, 1 left on base; Phoenix 4 - Wizarding 0 |
BOTTOM OF THE 2ND |
Wizarding Express batting - Pitching for Phoenix Hotspur : LHP Alejandro Guerra
|
Batting: SHB Fernando Sánchez
|
0-0: Ball 1-0: Called Strike 1-1: Foul Ball, location: 2F 1-2: Strikes out swinging
|
Batting: RHB Rafael Arredondo
|
0-0: Called Strike 0-1: Ball 1-1: Foul Ball, location: 2F 1-2: Ground out 5-3 (Groundball, 56)
|
Batting: SHB Salvador Trevino
|
0-0: SINGLE (Groundball, 4MD)
|
Batting: RHB Frank Grimes
|
0-0: Called Strike 0-1: Called Strike 0-2: Ball 1-2: Ball 2-2: Ball 3-2: Strikes out swinging
|
Bottom of the 2nd over - 0 runs, 1 hit, 0 errors, 1 left on base; Phoenix 4 - Wizarding 0 |
TOP OF THE 3RD |
Phoenix Hotspur batting - Pitching for Wizarding Express : LHP Dan Mitchell
|
Batting: LHB Francisco García
|
0-0: Ground out 1-3 (Groundball, 13)
|
Batting: RHB Kyle Bywaters
|
0-0: Called Strike 0-1: Fly out, F7 (Flyball, 7S)
|
Batting: LHB Mario Cruz
|
0-0: Fly out, F8 (Flyball, 8LM)
|
Top of the 3rd over - 0 runs, 0 hits, 0 errors, 0 left on base; Phoenix 4 - Wizarding 0 |
BOTTOM OF THE 3RD |
Wizarding Express batting - Pitching for Phoenix Hotspur : LHP Alejandro Guerra
|
Batting: LHB António Boccanegra
|
0-0: Ball 1-0: Foul Ball, location: 2F 1-1: Foul Ball, location: 2F 1-2: Ball 2-2: Fly out, F8 (Flyball, 8RD)
|
Batting: LHB David Breitling
|
0-0: Ball 1-0: Ball 2-0: Foul Ball, location: 2F 2-1: Called Strike 2-2: Foul Ball, location: 2F 2-2: Fly out, F8 (Flyball, 8RM)
|
Batting: RHB António Martínez
|
0-0: Ball 1-0: Called Strike 1-1: Swinging Strike 1-2: Strikes out swinging
|
Bottom of the 3rd over - 0 runs, 0 hits, 0 errors, 0 left on base; Phoenix 4 - Wizarding 0 |
TOP OF THE 4TH |
Phoenix Hotspur batting - Pitching for Wizarding Express : LHP Dan Mitchell
|
Batting: RHB Hieronymus Bosch
|
0-0: Ball 1-0: SINGLE (Flyball, 8RS)
|
Batting: LHB Wagaw Lukongolo
|
0-0: Ball 1-0: Ball 2-0: Called Strike 2-1: Fielders Choice at 2nd, 6-4 (Groundball, 6)
|
Batting: RHB Pierre Bernard
|
0-0: Called Strike 0-1: Grounds into double play, 4-6-3 (Groundball, 4)
|
Top of the 4th over - 0 runs, 1 hit, 0 errors, 0 left on base; Phoenix 4 - Wizarding 0 |
BOTTOM OF THE 4TH |
Wizarding Express batting - Pitching for Phoenix Hotspur : LHP Alejandro Guerra
|
Batting: LHB José Corona
|
0-0: Called Strike 0-1: Called Strike 0-2: Ground out 4-3 (Groundball, 4)
|
Batting: LHB Nathan Tanner
|
0-0: Called Strike 0-1: Swinging Strike 0-2: Ball 1-2: Ball 2-2: Foul Ball, location: 2F 2-2: Ground out 5-3 (Groundball, 56)
|
Batting: SHB Fernando Sánchez
|
0-0: Called Strike 0-1: Ball 1-1: Swinging Strike 1-2: SOLO HOME RUN (Line Drive, 7D), Distance : 370 ft
|
Batting: RHB Rafael Arredondo
|
0-0: Ball 1-0: Called Strike 1-1: Foul Ball, location: 2F 1-2: Foul Ball, location: 2F 1-2: Ball 2-2: Ball 3-2: Base on Balls
|
Batting: SHB Salvador Trevino
|
0-0: Ball 1-0: Ball 2-0: Called Strike 2-1: Ball 3-1: Fielders Choice at 2nd, 6-4 (Groundball, 6)
|
Bottom of the 4th over - 1 run, 1 hit, 0 errors, 1 left on base; Phoenix 4 - Wizarding 1 |
TOP OF THE 5TH |
Phoenix Hotspur batting - Pitching for Wizarding Express : LHP Dan Mitchell
|
Batting: RHB Ed Sharp
|
0-0: Ground out 1-3 (Groundball, 13S)
|
Batting: RHB Roland Deschain
|
0-0: Ball 1-0: Foul Ball, location: 2F 1-1: Called Strike 1-2: Ball 2-2: Ground out 4-3 (Groundball, 4D)
|
Batting: RHB Ted Cook
|
0-0: Foul Ball, location: 2F 0-1: Foul Ball, location: 2F 0-2: Ball 1-2: Ball 2-2: Ball 3-2: Fly out, F1 (Popup, P)
|
Top of the 5th over - 0 runs, 0 hits, 0 errors, 0 left on base; Phoenix 4 - Wizarding 1 |
BOTTOM OF THE 5TH |
Wizarding Express batting - Pitching for Phoenix Hotspur : LHP Alejandro Guerra
|
Batting: RHB Frank Grimes
|
0-0: Swinging Strike 0-1: Ball 1-1: Ball 2-1: Foul Ball, location: 2F 2-2: Ball 3-2: Strikes out swinging
|
Batting: LHB António Boccanegra
|
0-0: Called Strike 0-1: Ground out 2-3 (Groundball, 13S)
|
Batting: LHB David Breitling
|
0-0: Ball 1-0: Swinging Strike 1-1: Ball 2-1: Ball 3-1: Base on Balls
|
Batting: RHB António Martínez
|
0-0: Ball 1-0: Foul Ball, location: 2F 1-1: Called Strike 1-2: Strikes out swinging
|
Bottom of the 5th over - 0 runs, 0 hits, 0 errors, 1 left on base; Phoenix 4 - Wizarding 1 |
TOP OF THE 6TH |
Phoenix Hotspur batting - Pitching for Wizarding Express : LHP Dan Mitchell
|
Batting: LHB Francisco García
|
0-0: Foul Ball, location: 2F 0-1: Foul Ball, location: 2F 0-2: Strikes out swinging
|
Batting: RHB Kyle Bywaters
|
0-0: Called Strike 0-1: Foul Ball, location: 2F 0-2: Ball 1-2: SINGLE (Flyball, 9LM)
|
Batting: LHB Mario Cruz
|
0-0: Ball Kyle Bywaters steals 2nd base 1-0: Ball 2-0: Ball 3-0: Fly out, F3 (Popup, 34S)
|
Batting: RHB Hieronymus Bosch
|
0-0: DOUBLE (Flyball, 8LXD) Kyle Bywaters scores
|
Batting: LHB Wagaw Lukongolo
|
0-0: Called Strike 0-1: Ball 1-1: Foul Ball, location: 2F 1-2: Strikes out swinging
|
Top of the 6th over - 1 run, 2 hits, 0 errors, 1 left on base; Phoenix 5 - Wizarding 1 |
BOTTOM OF THE 6TH |
Wizarding Express batting - Pitching for Phoenix Hotspur : LHP Alejandro Guerra
|
Batting: LHB José Corona
|
0-0: Called Strike 0-1: Foul Ball, location: 2F 0-2: Ball 1-2: Ball 2-2: Ground out U3 (Groundball, 34S)
|
Batting: LHB Nathan Tanner
|
0-0: Ball 1-0: Ball 2-0: Swinging Strike 2-1: Swinging Strike 2-2: Ball 3-2: Foul Ball, location: 2F 3-2: Strikes out swinging
|
Batting: SHB Fernando Sánchez
|
0-0: Called Strike 0-1: Called Strike 0-2: SOLO HOME RUN (Flyball, 7D), Distance : 361 ft
|
Batting: RHB Rafael Arredondo
|
0-0: Ball 1-0: Ball 2-0: Foul Ball, location: 2F 2-1: Ball 3-1: Ground out 5-3 (Groundball, 56)
|
Bottom of the 6th over - 1 run, 1 hit, 0 errors, 0 left on base; Phoenix 5 - Wizarding 2 |
TOP OF THE 7TH |
Phoenix Hotspur batting - Pitching for Wizarding Express : LHP Dan Mitchell
|
Batting: RHB Pierre Bernard
|
0-0: Ball 1-0: Ball 2-0: Called Strike 2-1: Ground out 4-3 (Groundball, 4)
|
Batting: RHB Ed Sharp
|
0-0: SINGLE (Groundball, 6MD)
|
Pitching: RHP Enrico Reséndez
|
|
Batting: RHB Roland Deschain
|
0-0: Ball 1-0: Foul Ball, location: 2F 1-1: Ball 2-1: Ball 3-1: Foul Ball, location: 2F 3-2: Strikes out swinging
|
Batting: RHB Ted Cook
|
0-0: Called Strike 0-1: SINGLE (Line Drive, 34D) Ed Sharp to second
|
Pitching: LHP Dorian Daly
|
|
Batting: LHB Francisco García
|
0-0: Ball 1-0: Ball 2-0: Foul Ball, location: 2F 2-1: Ball 3-1: DOUBLE (Line Drive, 78XD) Ed Sharp scores Ted Cook to third Runner from 3rd tries for Home, SAFE, no throw
|
Batting: RHB Kyle Bywaters
|
0-0: Ball 1-0: Swinging Strike 1-1: DOUBLE (Groundball, 5L) Francisco García scores
|
Batting: LHB Mario Cruz
|
0-0: Called Strike 0-1: Swinging Strike 0-2: Strikes out swinging
|
Top of the 7th over - 3 runs, 4 hits, 0 errors, 1 left on base; Phoenix 8 - Wizarding 2 |
BOTTOM OF THE 7TH |
Wizarding Express batting - Pitching for Phoenix Hotspur : LHP Alejandro Guerra
|
Batting: SHB Salvador Trevino
|
0-0: Ball 1-0: Called Strike 1-1: Foul Ball, location: 2F 1-2: Ball 2-2: Strikes out looking
|
Batting: RHB Frank Grimes
|
0-0: Ball 1-0: Called Strike 1-1: Ball 2-1: Ground out 6-3 (Groundball, 6)
|
Batting: LHB António Boccanegra
|
0-0: Called Strike 0-1: Ball 1-1: Ball 2-1: Foul Ball, location: 2F 2-2: Ball 3-2: SINGLE (Groundball, 34D)
|
Pitching: LHP Joey Dudley
|
|
Batting: LHB David Breitling
|
0-0: Ball 1-0: Ball 2-0: Called Strike 2-1: Swinging Strike 2-2: Ball 3-2: Strikes out looking
|
Bottom of the 7th over - 0 runs, 1 hit, 0 errors, 1 left on base; Phoenix 8 - Wizarding 2 |
TOP OF THE 8TH |
Phoenix Hotspur batting - Pitching for Wizarding Express : LHP Dorian Daly
|
Batting: RHB Hieronymus Bosch
|
0-0: Fly out, F4 (Line Drive, 4)
|
Batting: LHB Wagaw Lukongolo
|
0-0: Called Strike 0-1: Foul Ball, location: 2F 0-2: Ball 1-2: Ball 2-2: SINGLE (Line Drive, 34D)
|
Batting: RHB Pierre Bernard
|
0-0: Called Strike 0-1: Fielders Choice at 2nd, 5-4 (Groundball, 56)
|
Batting: RHB Ed Sharp
|
0-0: Called Strike 0-1: Foul Ball, location: 2F 0-2: Strikes out swinging
|
Top of the 8th over - 0 runs, 1 hit, 0 errors, 1 left on base; Phoenix 8 - Wizarding 2 |
BOTTOM OF THE 8TH |
Wizarding Express batting - Pitching for Phoenix Hotspur : LHP Joey Dudley
|
Batting: RHB António Martínez
|
0-0: Ball 1-0: Ball 2-0: Swinging Strike 2-1: Ball 3-1: Called Strike 3-2: Foul Ball, location: 2F 3-2: Foul Ball, location: 2F 3-2: Foul Ball, location: 2F 3-2: Base on Balls
|
Batting: LHB José Corona
|
0-0: Ball 1-0: Swinging Strike 1-1: Ball 2-1: Swinging Strike 2-2: Ground out 6-3 (Groundball, 6MD) António Martínez to second
|
Batting: LHB Nathan Tanner
|
0-0: Ground out U3 (Groundball, 34) António Martínez to third
|
Batting: SHB Fernando Sánchez
|
0-0: Swinging Strike 0-1: Called Strike 0-2: Strikes out swinging
|
Bottom of the 8th over - 0 runs, 0 hits, 0 errors, 1 left on base; Phoenix 8 - Wizarding 2 |
TOP OF THE 9TH |
Phoenix Hotspur batting - Pitching for Wizarding Express : LHP Dorian Daly
|
Batting: RHB Roland Deschain
|
0-0: Ball 1-0: Ball 2-0: Ball 3-0: Ground out 6-3 (Groundball, 56)
|
Batting: RHB Ted Cook
|
0-0: Called Strike 0-1: Ball 1-1: Foul Ball, location: 2F 1-2: Strikes out looking
|
Batting: LHB Francisco García
|
0-0: Ball 1-0: Ball 2-0: Called Strike 2-1: SINGLE (Groundball, 56D)
|
Batting: RHB Kyle Bywaters
|
0-0: Ball Francisco García steals 2nd base 1-0: Ball 2-0: Fly out, F3 (Popup, 3F)
|
Top of the 9th over - 0 runs, 1 hit, 0 errors, 1 left on base; Phoenix 8 - Wizarding 2 |
BOTTOM OF THE 9TH |
Wizarding Express batting - Pitching for Phoenix Hotspur : LHP Joey Dudley
|
Batting: RHB Rafael Arredondo
|
0-0: Ball 1-0: Fly out, F7 (Flyball, 7S)
|
Batting: SHB Salvador Trevino
|
0-0: Ball 1-0: Foul Ball, location: 2F 1-1: Ball 2-1: Foul Ball, location: 2F 2-2: Ball 3-2: Foul Ball, location: 2F 3-2: Strikes out swinging
|
Batting: RHB Frank Grimes
|
0-0: DOUBLE (Line Drive, 78XD)
|
Batting: LHB António Boccanegra
|
0-0: Called Strike 0-1: Ball 1-1: Ball 2-1: Swinging Strike 2-2: Ground out U3 (Groundball, 34S)
|
Bottom of the 9th over - 0 runs, 1 hit, 0 errors, 1 left on base; Phoenix 8 - Wizarding 2 |
|